 Dungeon Crawl Stone Soup version 0.20-a0-923-g548304e (webtiles) character file.

71 4thArraOfDagon the Sneak (level 4, -3/19 HPs)
             Began as a Felid Wanderer on Mar 26, 2017.
             Was a Believer of Cheibriados.
             Killed from afar by an orc wizard (7 damage)
             ... with a magic dart
             ... on level 4 of the Dungeon.
             The game lasted 00:07:20 (1396 turns).

4thArraOfDagon the Sneak (Felid Wanderer)           Turns: 1396, Time: 00:07:20

Health: -3/19      AC:  1    Str: 12    XL:     4   Next: 5%
Magic:  8/8        EV: 20    Int: 16    God:    Cheibriados [**....]
Gold:   138        SH:  0    Dex: 21    Spells: 5/7 levels left
                                        Lives:  0   Deaths: 1

rFire    x . .     SeeInvis +     - Unarmed
rCold    + . .     Gourm    .   (shield unavailable)
rNeg     . . .     Faith    .   (armour unavailable)
rPois    .         Spirit   .   (helmet unavailable)
rElec    .         Reflect  .   (cloak unavailable)
rCorr    .         Harm     .   (gloves unavailable)
MR       .....                  (boots unavailable)
Stlth    +++.......             (no amulet)
Regen    0.1/turn               (no ring)
MPRegen  0.2/turn               l - ring of ice

@: very slow
A: no armour, no weapons or thrown items, stealth, claws 1, fangs 3, see
invisible, carnivore 3, speed 1, shaggy fur 1, slow metabolism 1, sharp paws
a: Bend Time, Renounce Religion


You were on level 4 of the Dungeon.
You worshipped Cheibriados.
Cheibriados was pleased with you.
You were not hungry.

You visited 1 branch of the dungeon, and saw 4 of its levels.

You collected 138 gold pieces.

Inventory:

Jewellery
 l - a ring of ice (right paw)
Books
 a - a book of Minor Magic

   Spells                             Type                      Level
   a - Magic Dart                     Conjuration                  1
   b - Blink                          Translocation                2
   c - Call Imp                       Summoning                    2
   d - Slow                           Hexes                        2
   e - Conjure Flame                  Conjuration/Fire             3
   f - Mephitic Cloud                 Conjuration/Poison/Air       3
 b - Vuydo's Papyrus of Transmutation

   Spells                             Type                      Level
   a - Beastly Appendage              Transmutation                1
   b - Spider Form                    Transmutation/Poison         3
Comestibles
 d - 4 meat rations
 i - a royal jelly


   Skills:
 - Level 2.0 Fighting
 + Level 3.9 Dodging
 + Level 4.2 Stealth
 * Level 2.8 Unarmed Combat
 - Level 2.0 Spellcasting
   Level 1.0 Fire Magic
 + Level 1.6 Invocations


You had 5 spell levels left.
You knew the following spells:

 Your Spells              Type           Power        Failure   Level  Hunger
a - Blink                 Tloc           N/A          30%         2    ###....


Dungeon Overview and Level Annotations

Branches:
Dungeon (4/15)
 Temple: D:4-7

Altars:
Cheibriados
Kikubaaqudgha
Uskayaw

Annotations:
D:3 Malvoorn's ghost, weakling DsAK; Robin; Sigmund
D:4 Menkaure


Innate Abilities, Weirdness & Mutations

You cannot wear armour.
You are incapable of wielding weapons or throwing items.
Your paws allow you to move quietly. (Stealth)
You have sharp claws.
You have razor-sharp teeth.
You have supernaturally acute eyesight. (SInv)
You are carnivorous and can eat meat at any time.
You cover ground quickly.
You are covered in fur. (AC +1)
You have a slow metabolism.
Your sharp claws are effective at attacking unaware monsters.


Message History

Unknown command.
You scratch the orc wizard.
The orc wizard is moderately wounded.
The orc wizard completely misses you.
Unknown command.
You scratch the orc wizard.
The orc wizard is moderately wounded.
The orc wizard misses you.
Unknown command.
You closely miss the orc wizard.
The orc wizard is moderately wounded.
The orc wizard casts a spell.
The orc wizard flickers and vanishes for a moment.
Unknown command.
You scratch the orc wizard but do no damage.
You bite the orc wizard, but do no damage.
The orc wizard is moderately wounded.
The orc wizard points at you and mumbles some strange words.
The magic dart hits you!
You die...

## o.. #...
#..§§§§
#..§§§########
...§§oo@.§§..#
.###########.#
#<# #.# #.#
#.# ... #.# .g
#.# #.##
#.#####


You could see an orc wizard (invisible) and an orc.

Vanquished Creatures
  A hound (D:4)
  Natasha (D:2)
  An adder skeleton (D:4)
  2 leopard geckos
  3 ball pythons
  3 giant cockroaches
  12 goblins
  8 hobgoblins
  3 jackals (D:3)
  8 kobolds
  6 bats
  4 frilled lizards
52 creatures vanquished.

Notes
Turn   | Place    | Note
-------+----------+-------------------------------------------
     0 | D:1      | 4thArraOfDagon the Felid Wanderer began the quest for the Orb.
     0 | D:1      | 4thArraOfDagon set off with: a book of Minor Magic, Vuydo's Papyrus of Transmutation, a potion of lignification, a meat ration
     0 | D:1      | Reached XP level 1. HP: 9/9 MP: 4/4
    42 | D:2      | Reached skill level 3 in Stealth
    52 | D:2      | Found a snail-covered altar of Cheibriados.
    55 | D:2      | Found an ancient bone altar of Kikubaaqudgha.
    55 | D:2      | Found a hide-covered altar of Uskayaw.
    58 | D:2      | Became a worshipper of Cheibriados the Contemplative
    84 | D:2      | Reached XP level 2. HP: 10/13 MP: 6/6
   195 | D:1      | Identified Vuydo's Papyrus of Transmutation
   198 | D:1      | Learned a level 2 spell: Blink
   342 | D:1      | Reached XP level 3. HP: 13/16 MP: 7/7
   367 | D:1      | Reached * piety under Cheibriados
   488 | D:2      | Noticed Natasha
   756 | D:3      | Noticed Sigmund
   895 | D:3      | Noticed Malvoorn's ghost (weakling DsAK)
  1112 | D:2      | Killed Natasha
  1112 | D:2      | Reached skill level 1 in Invocations
  1112 | D:2      | Reached XP level 4. HP: 19/19 MP: 8/8
  1144 | D:2      | Reached ** piety under Cheibriados
  1259 | D:3      | Noticed Robin
  1274 | D:3      | Reached skill level 4 in Stealth
  1294 | D:4      | Noticed Menkaure
  1326 | D:4      | Noticed a bullfrog
  1338 | D:4      | Slain by a bullfrog
  1339 | D:4      | Reached XP level 3. HP: -4/16 MP: 7/7
  1389 | D:4      | Reached XP level 4. HP: 9/19 MP: 8/8
  1396 | D:4      | Killed from afar by an orc wizard

Vault maps used:
D:1:      erik_arrival_blinker_ship, minmay_misc_feat_chi,
          minmay_shallow_snake_nest
D:2:      grunt_temple_overflow_open, serial_forest,
          infiniplex_forest_straight_3, infiniplex_forest_clump_long,
          infiniplex_forest_lined_3, infiniplex_forest_end_2,
          infiniplex_forest_straight_4, infiniplex_forest_lined_2,
          infiniplex_forest_lined_ring, infiniplex_forest_corner_2,
          infiniplex_forest_clump_large, nicolae_gozag_zags_fifth_avenue,
          uniq_natasha
D:3:      minmay_door_path, first_bread, uniq_sigmund, uniq_robin
D:4:      kennysheep_mini_moat, portal_sewer_entry_e, uniq_menkaure

Skill      XL: |  1  2  3  4 |
---------------+-------------+-----
Stealth        | 3 4 |  4.2
Dodging        | 3 |  3.9
Unarmed Combat | 2 |  2.8
Invocations    | 1 |  1.6
Fighting       | |  2.0
Spellcasting   | |  2.0
Fire Magic     | |  1.0

Action                   |  1- 3 |  4- 6 || total
-------------------------+-------+-------++-------
Melee: Unarmed           |   111 |    34 ||   145
       Bite              |     7 |     6 ||    13
       Punch             |       |     1 ||     1
  Use: Potion            |     4 |       ||     4
       Scroll            |     1 |     8 ||     9
 Stab: Sleeping          |    12 |     2 ||    14
Armor: Skin              |    11 |     1 ||    12
Dodge: Dodged            |    77 |    19 ||    96
